 Dungeon Crawl Stone Soup version 0.28-a0-1447-ga5a8893891 (webtiles) character file.

Game seed: 13705510767278789004

141 HallandMoats the Sneak (level 5, -3/46 HPs)
             Began as a Ghoul Brigand on Jan 12, 2022.
             Slain by a gnoll shaman (7 damage)
             ... on level 3 of the Dungeon.
             The game lasted 00:05:10 (3400 turns).

HallandMoats the Sneak (Ghoul Brigand)              Turns: 3400, Time: 00:05:10

Health: -3/46      AC: 11    Str: 17    XL:     5   Next: 24%
Magic:  4/4        EV:  5    Int:  6    God:
Gold:   88         SH:  5    Dex: 10    Spells: 4/4 levels left

rFire   . . .      SeeInvis .   a - +2 dagger
rCold   + . .      Faith    .   (no shield)
rNeg    + + +      Spirit   .   j - +0 plate armour
rPois   ∞          Reflect  +   (no helmet)
rElec   .          Harm     .   c - +0 cloak
rCorr   .          Rampage  .   (no gloves)
Will    .....                   (no boots)
Stlth   ..........              m - amulet of reflection
HPRegen 0.00/turn               (no ring)
MPRegen 0.09/turn               (no ring)

@: inhibited regen
A: claws 1, cold resistance 1, negative energy resistance 3, inhibited
regeneration, torment resistance 2
a: no special abilities


You were on level 3 of the Dungeon.
You visited 1 branch of the dungeon, and saw 4 of its levels.
You also visited: Sewer.

You collected 88 gold pieces.

Inventory:

Hand Weapons
 a - a +2 dagger (weapon)
Missiles
 d - 27 poisoned darts (quivered)
 e - 2 curare-tipped darts
Armour
 c - a +0 cloak (worn)
 j - a +0 plate armour (worn)
Jewellery
 f - an amulet of the acrobat
 m - an amulet of reflection (around neck)
Scrolls
 b - 2 scrolls of noise {unknown}
 g - 5 scrolls of identify
 h - 6 scrolls of teleportation
 k - a scroll of brand weapon {unknown}
 l - a scroll of vulnerability {unknown}
Potions
 i - a potion of degeneration {unknown}
 n - a potion of curing {unknown}
 o - a potion of mutation {unknown}
 p - a potion of heal wounds {unknown}


   Skills:
 * Level 3.7 Fighting
 * Level 3.1 Short Blades
 - Level 1.7 Throwing
 + Level 1.4 Armour
 + Level 1.9 Dodging
 - Level 4.3 Stealth


You had 4 spell levels left.
You didn't know any spells.
Your spell library contained the following spells:

 Spells                   Type           Power      Damage    Failure   Level
 Flame Wave               Conj/Fire      0%         2d4       100%        4
 Eringya's Noxious Bog    Tmut/Pois      0%         N/A       100%        6


Dungeon Overview and Level Annotations

Branches:
Dungeon (4/15)              Sewer (visited)
 Temple: D:4-7

Altars:

Shops:
D:3 [:

Annotations:
D:3 2 transporters, Shayle's ghost, amateur DjWz


Innate Abilities, Weirdness & Mutations

You thrive by killing the living.
You are immune to poison.
You have sharp fingernails.
Your flesh is cold resistant. (rC+)
You are immune to negative energy. (rN+++)
You do not regenerate when monsters are visible.
You are immune to unholy pain and torment.


Message History

The gnoll shaman is lightly wounded.
The gnoll shaman hits you with a +0 whip.
You completely miss the gnoll shaman.
The gnoll shaman is lightly wounded.
The gnoll shaman hits you with a +0 whip.
You hit the gnoll shaman but do no damage.
You block the gnoll shaman's attack.
You closely miss the gnoll shaman.
The gnoll shaman hits you with a +0 whip.
You hit the gnoll shaman.
The gnoll shaman is lightly wounded.
The gnoll shaman hits you with a +0 whip.
* * * LOW HITPOINT WARNING * * *
There is a stone staircase leading up here.
The gnoll shaman barely misses you.
You climb upwards.
Level annotation: 2 transporters, Shayle's ghost, amateur DjWz
There is a stone staircase leading down here.
Things that are here:
a +0 short sword; a kobold corpse You barely miss the gnoll shaman.
The gnoll shaman is lightly wounded.
The gnoll shaman hits you but does no damage.
You completely miss the gnoll shaman.
The gnoll shaman is lightly wounded.
You hit the gnoll shaman but do no damage.
The gnoll shaman is lightly wounded.
The gnoll shaman calls down the wrath of its god upon you.
You resist with some effort.
You hit the gnoll shaman.
The gnoll shaman is moderately wounded.
The gnoll shaman hits you with a +0 whip.
* * * LOW HITPOINT WARNING * * *
You hit the gnoll shaman.
The gnoll shaman is moderately wounded.
The gnoll shaman barely misses you.
You closely miss the gnoll shaman.
The gnoll shaman is moderately wounded.
The gnoll shaman hits you with a +0 whip!
You die...

######## #......#
##########......########
#.....g@.'..............
#.#####.##......########
#.# ##+##......#
#.####........###
#...##........#
###.##........# #####
#.###.####### #.... #.#
#.# ####### #.... #.#
#.# #.....# #....


You could see a gnoll shaman.

Vanquished Creatures
  An orc priest (D:3)
  2 adders (Sewer)
  2 river rats (Sewer)
  A worm (D:3)
  A dart slug (D:1)
  5 orcs
  8 ball pythons
  4 bats
  5 endoplasms
  2 giant cockroaches (D:1)
  A goblin (D:2)
  5 hobgoblins
  8 jackals (D:1)
  A quokka (D:1)
  9 frilled lizards
  4 kobolds
  7 rats
66 creatures vanquished.

Notes
Turn   | Place    | Note
-------+----------+-------------------------------------------
     0 | D:1      | HallandMoats the Ghoul Brigand began the quest for the Orb.
     0 | D:1      | Reached XP level 1. HP: 17/17 MP: 0/0
   111 | D:1      | Reached skill level 1 in Dodging
   225 | D:1      | Reached XP level 2. HP: 18/25 MP: 1/1
   781 | D:1      | Reached XP level 3. HP: 25/30 MP: 2/2
   996 | D:2      | Got Mela's Guide on Venomous Fire
  1013 | D:2      | Found a faded altar of an unknown god.
  1622 | D:3      | Found Beobbol's Book Emporium.
  1798 | D:3      | Found a transporter.
  1918 | D:3      | Reached skill level 1 in Armour
  1932 | D:3      | Reached XP level 4. HP: 8/38 MP: 3/3
  2199 | D:3      | Found a glowing drain.
  2237 | Sewer    | Entered a sewer
  2582 | Sewer    | Reached XP level 5. HP: 27/45 MP: 4/4
  3210 | D:3      | Found a transporter.
  3214 | D:3      | Noticed Shayle's ghost (amateur DjWz)
  3307 | D:3      | Found Eddoew's Armour Shop.
  3400 | D:3      | Slain by a gnoll shaman

Illustrated notes

Levels and vault maps discovered:
D:1:      psy_arrival_statuary, layout_loops_ring,
          chequers_serial_rivers_micro_d, minivault_11, hex_medium
D:2:      layout_basic, basic_ecumenical_altar
D:3:      layout_basic, gammafunk_ghost_stat_death, cheibrodos_sewer_entry_bend,
          serial_shops, shop, shop
D:4:      layout_cave_pools, hellmonk_ghost_happy_afterlife, uniq_blork_the_orc,
          uniq_natasha

Skill      XL: |  1  2  3  4 |
---------------+-------------+-----
Dodging        | 1 |  1.9
Short Blades   | 2 3 |  3.1
Fighting       | 3 |  3.7
Armour         | 1 |  1.4
Throwing       | |  1.7
Stealth        | |  4.3

Action                   |  1- 3 |  4- 6 || total
-------------------------+-------+-------++-------
Melee: Dagger            |   147 |   144 ||   291
       Punch             |     1 |       ||     1
Throw: Dart              |     1 |    12 ||    13
  Use: Scroll            |     2 |       ||     2
 Stab: Sleeping          |     5 |       ||     5
Armor: Robe              |    23 |       ||    23
       Plate armour      |    21 |    68 ||    89
Dodge: Dodged            |    77 |    42 ||   119
Block: Other             |       |     6 ||     6

Table legend: (Time is in decaauts)
 A = Elapsed time spent in this place.
 B = Non-inter-level travel time spent in this place.
 C = Inter-level travel time spent in this place.
 D = Time resting spent in this place.
 E = Time spent auto-exploring this place.
 F = Levels seen in this place.
 G = Mean time per level.
                   A        B        C        D        E       F      G
               +--------+--------+--------+--------+--------+-----+--------+
         Total |   3425 |   3383 |     42 |    193 |   2398 |   5 |  685.0 |
       Dungeon |   2596 |   2554 |     42 |    193 |   1879 |   4 |  649.0 |
         Sewer |    829 |    829 |      0 |      0 |    519 |   1 |  829.0 |
               +--------+--------+--------+--------+--------+-----+--------+

Top non-repeatable levels by time:
     D:1: 948 daAuts
     D:3: 928 daAuts
   Sewer: 829 daAuts
     D:2: 662 daAuts
     D:4: 57 daAuts
